 Dungeon Crawl Stone Soup version 0.32-a0-22-g6ae6769602 (webtiles) character file.

Game seed: 2382489129498648257

28109 jasper the Timeless (level 13, -6/104 HPs)
             Began as an Armataur Alchemist on Jan 18, 2024.
             Was a High Priest of Cheibriados.
             Mangled by Snorg (7 damage)
             ... on level 4 of the Lair of Beasts.
             The game lasted 00:32:55 (16575 turns).

jasper the Timeless (Armataur Alchemist)           Turns: 16575, Time: 00:32:56

Health: -6/104     AC: 14    Str: 31    XL:     13   Next: 8%
Magic:  18/22      EV: 12    Int: 39    God:    Cheibriados [*****.]
Gold:   551        SH:  8    Dex: 26    Spells: 6/22 levels left

rFire   + . .        t - +0 flail (flame)
rCold   + . .        e - +1 buckler
rNeg    . . .        k - +2 robe {rC+}
rPois   +            X - +1 helmet of the Blue Moon {rF+ Will+}
rElec   .            v - +1 cloak "Isewun" {Str+3}
rCorr   .            (no gloves)
SInv    .            I - +0 barding
Will    +....        l - amulet of the acrobat
Stlth   +++++        f - +6 ring of intelligence
HPRegen 0.37/turn    J - ring of poison resistance
MPRegen 0.18/turn

%: acrobat, roll
@: lethally poisoned (-6 -> -17), radiating poison, very slow
A: large, deformed body, tough skin 3, armoured tail, roll 2
a: Renounce Religion, Bend Time, Temporal Distortion, Slouch, Step From Time


You were on level 4 of the Lair of Beasts.
You worshipped Cheibriados.
Cheibriados was extremely pleased with you.
You visited 4 branches of the dungeon, and saw 17 of its levels.

You collected 1366 gold pieces.
You spent 815 gold pieces at shops.

Inventory:

Hand Weapons
 t - a +0 flail of flaming (weapon)
Armour
 c - a +2 robe of fire resistance
 e - a +1 buckler (worn)
 k - a +2 robe of cold resistance (worn)
 v - the +1 cloak "Isewun" (worn) {Str+3}
   (You found it on level 5 of the Dungeon)

   Str+3:     It affects your strength (+3).
 y - the +2 hat of Complete Protection {rElec rC+ MP+9 Int-2}
   (You found it on level 2 of the Lair of Beasts)

   Int-2:     It affects your intelligence (-2).
   rC+:       It protects you from cold.
   rElec:     It insulates you from electricity.
   MP+9:      It affects your magic capacity (+9).
 I - a +0 barding (worn)
 X - the +1 helmet of the Blue Moon (worn) {rF+ Will+}
   (You found it on level 10 of the Dungeon)

   rF+:       It protects you from fire.
   Will+:     It increases your willpower.
Magical Staves
 j - a staff of fire
 z - a staff of earth
 V - a staff of cold
Jewellery
 f - a +6 ring of intelligence (left hand)
 l - an amulet of the acrobat (around neck)
 n - a ring of flight
 u - a ring of protection from fire
 w - a ring of positive energy
 A - a ring of resist corrosion
 J - a ring of poison resistance (right hand)
 M - the ring of Reimbursement {rF+ rC+ Str+2 SInv}
   (You bought it in a shop on level 11 of the Dungeon)

   [ring of protection from cold]

   Str+2:     It affects your strength (+2).
   rF+:       It protects you from fire.
   rC+:       It protects you from cold.
   SInv:      It lets you see invisible.
 O - a ring of positive energy
 P - the ring "Xovibu" {MP-9 Int+7 SInv Stlth+}
   (You bought it in a shop on level 11 of the Dungeon)

   [ring of see invisible]

   Int+7:     It affects your intelligence (+7).
   MP-9:      It affects your magic capacity (-9).
   SInv:      It lets you see invisible.
   Stlth+:    It makes you more stealthy.
Wands
 d - a wand of flame (16)
 q - a wand of paralysis (7)
 E - a wand of polymorph (4)
 R - a wand of iceblast (15)
 Z - a wand of quicksilver (11)
Scrolls
 g - a scroll of immolation
 h - 7 scrolls of noise
 o - 5 scrolls of teleportation
 x - a scroll of silence
 B - a scroll of fog
 G - 2 scrolls of poison
 L - 10 scrolls of identify
 N - 2 scrolls of vulnerability
 Q - a scroll of summoning
 S - 2 scrolls of revelation
 Y - a scroll of enchant armour
Potions
 a - a potion of mutation
 b - 5 potions of curing
 m - a potion of cancellation
 p - 3 potions of degeneration
 r - 2 potions of might
 C - a potion of brilliance
 D - 2 potions of ambrosia
 F - 3 potions of heal wounds
 H - 4 potions of enlightenment
 K - a potion of berserk rage
 T - a potion of lignification
 W - a potion of invisibility
Miscellaneous
 s - a phantom mirror


   Skills:
 - Level 6.6 Fighting
 + Level 9.1 Staves
 - Level 5.2 Dodging
 - Level 9.0 Stealth
 - Level 5.0 Shields
 - Level 5.0 Spellcasting
 - Level 2.0 Conjurations
 - Level 2.0 Translocations
 - Level 3.0 Fire Magic
 - Level 2.0 Air Magic
 - Level 6.0 Alchemy
 - Level 12.0 Invocations


You had 6 spell levels left.
You knew the following spells:

 Your Spells              Type           Power      Damage    Failure   Level
a - Sting                 Conj/Alch      100%       1d9       1%          1
b - Mephitic Cloud        Conj/Alch/Air  35%        N/A       2%          3
c - Olgreb's Toxic Radia  Alch           54%        N/A       3%          4
d - Momentum Strike       Conj/Tloc      50%        3d9       2%          2
e - Blink                 Tloc           50%        N/A       2%          2
f - Sticky Flame          Fire/Alch      44%        2d8       5%          4

Your spell library contained the following spells:

 Spells                   Type           Power      Damage    Failure   Level
 Magic Dart               Conj           100%       1d8       1%          1
 Mercury Vapours          Alch/Air       80%        N/A       1%          2
 Lesser Beckoning         Tloc           50%        N/A       2%          2
 Searing Ray              Conj           50%        2d6       2%          2
 Fulminant Prism          Conj/Alch      20%        3d12      7%          4
 Manifold Assault         Tloc           25%        N/A       16%         4
 Vhi's Electric Charge    Tloc/Air       50%        N/A       16%         4
 Arcjolt                  Conj/Air       12%        1d22      41%         5
 Plasma Beam              Fire/Air       14%        2x1d25    89%         6
 Dispersal                Tloc           12%        N/A       94%         6
 Disjunction              Tloc           12%        N/A       100%        8


Dungeon Overview and Level Annotations

Branches:
Dungeon (11/15)            Temple (1/1) D:4            Lair (4/5) D:11
 Shoals (0/4) Lair:3        Snake (1/4) Lair:3          Orc (0/2) D:10
  Slime: Lair:4-5

Altars:
Ashenzari
Cheibriados
Dithmenos
Elyvilon
Fedhas
Gozag
Hepliaklqana
Kikubaaqudgha
Makhleb
Nemelex Xobeh
Okawaru
Qazlal
Ru
Sif Muna
Trog
Uskayaw
Vehumet
Wu Jian
Xom
Yredelemnul
Zin
The Shining One

Shops:
D:1 (!   D:11 =

Annotations:
D:8 2 runed translucent doors, gebbletook2's ghost, novice OpSh
Lair:1 exclusion: oklob plant
Lair:4 Snorg


Innate Abilities, Weirdness & Mutations

Armour fits poorly on your strangely shaped body.
You have extremely tough skin. (AC +3)
You have a long armoured tail.
You regenerate magic and health when rolling toward enemies. (Rampage Regen)


Message History

The eight-headed hydra bites you but does no damage.
You regained 3 hp, and now have 57/104 hp.
Magic courses through your body.
Snorg looks even sicker.
Your toxic aura wanes.
You feel very sick.
The cane toad burns!
You kill the cane toad!
Cheibriados appreciates the change of pace.
The eight-headed hydra burns!
The eight-headed hydra stops burning.
The rime drake bites you but does no damage.
You block Snorg's attack. Snorg claws you but does no damage.
You block Snorg's attack.
The eight-headed hydra bites you but does no damage.
The eight-headed hydra bites you.
The eight-headed hydra barely misses you.
The eight-headed hydra bites you.
The eight-headed hydra bites you but does no damage.
The eight-headed hydra barely misses you.
The eight-headed hydra bites you but does no damage.
The eight-headed hydra bites you.
You take 16 damage, and have 41/104 hp.
MP restored: 22
Casting: Olgreb's Toxic Radiance (dangerous; 3% risk of failure)
Confirm with . or Enter, or press ? or * to list all spells.
You begin to radiate toxic energy.
Snorg looks as sick as possible!
The komodo dragon looks even sicker.
The rime drake looks as sick as possible!
The komodo dragon looks as sick as possible!
The rime drake looks as sick as possible!
You feel very sick. Snorg bites you!
* * * LOW HITPOINT WARNING * * *
Snorg claws you!
* * * LOW HITPOINT WARNING * * *
Snorg claws you!
* * * LOW HITPOINT WARNING * * *
The rime drake bites you.
* * * LOW HITPOINT WARNING * * *
Snorg bites you!
You die...

##.##.. ##.8.#k..
#..)..#.# #8.>?8..# #
#.... #.. #....# #...
#.# ....##
##.+###.####.....
##kDT..#........#
#..@....#..###..# #
....l.#.............+.#
8...+.#.8.#.+...8...#.##
... #......[#..........#
#. .........#.##....####
. ##......###.....†#...
####+### ##.####.... ##
##..[ ####


You could see Snorg (berserk, extremely poisoned), an eight-headed hydra, a
komodo dragon (extremely poisoned) and a rime drake (extremely poisoned).

Vanquished Creatures
  An ice dragon (Lair:3)
  2 hydras
  Fannar (Lair:2)
  Erolcha (D:9)
  A boulder beetle (D:11)
  2 two-headed ogres
  2 harpies (Lair:3)
  4 lindwurms (Lair:2)
  An ugly thing (D:11)
  3 manticores
  A salamander (Lair:3)
  2 black mambas
  Jeremiah (Lair:1)
  2 rime drakes (Lair:2)
  6 cane toads
  2 komodo dragons
  3 trolls
  2 polar bears
  A hornet (Lair:3)
  Sigmund (D:3)
  4 wyverns
  3 shadows
  A vampire (D:11)
  2 basilisks
  37 yaks
  A wraith (D:11)
  Eustachio (D:4)
  2 steam dragons
  A naga (Lair:3)
  Edmund (D:4)
  An acid dragon (D:8)
  8 water moccasins
  Duvessa (D:6)
  3 ice beasts
  3 sky beasts (D:6)
  2 black bears
  3 orc warriors
  An ogre (D:6)
  8 wolves
  2 centaurs
  2 phantoms (D:4)
  A kobold brigand (D:7)
  13 bullfrogs
  A gnoll sergeant (D:10)
  10 wights (D:9)
  Dowan (D:6)
  12 killer bees
  A howler monkey (D:5)
  3 electric eels (Lair:3)
  A bombardier beetle (D:7)
  2 jellies
  5 hounds
  3 orc priests
  Crazy Yiuf (D:6)
  6 orc wizards
  4 hell rats (Lair:2)
  4 gnolls (D:10)
  7 adders
  A shadow imp (D:7)
  4 white imps
  2 ufetubi (D:6)
  2 dart slugs
  29 orcs
  9 endoplasms
  3 giant cockroaches
  5 goblins
  3 hobgoblins
  4 jackals (D:3)
  4 quokkas
  6 ball pythons
  10 bats
  4 frilled lizards
  5 kobolds
  3 rats
295 creatures vanquished.

Notes
Turn   | Place    | Note
-------+----------+-------------------------------------------
     0 | D:1      | jasper the Armataur Alchemist began the quest for the Orb.
     0 | D:1      | Reached XP level 1. HP: 14/14 MP: 3/3
    28 | D:1      | Found Goxinuigg's Weapon Shop.
   219 | D:1      | Reached XP level 2. HP: 20/20 MP: 1/5
   554 | D:1      | Found Misozor's Distillery.
  1079 | D:2      | Reached skill level 1 in Shields
  1096 | D:2      | Reached XP level 3. HP: 26/26 MP: 4/6
  1100 | D:2      | Learned a level 3 spell: Mephitic Cloud
  1185 | D:2      | Reached skill level 1 in Conjurations
  1453 | D:2      | Found the +5 woodcutter's axe
  1941 | D:3      | Reached skill level 1 in Air Magic
  1941 | D:3      | Reached XP level 4. HP: 33/33 MP: 5/7
  2290 | D:3      | Noticed Sigmund
  2303 | D:3      | Killed Sigmund
  2304 | D:3      | Reached XP level 5. HP: 35/38 MP: 8/8
  2357 | D:3      | Learned a level 4 spell: Olgreb's Toxic Radiance
  2403 | D:3      | Reached skill level 5 in Alchemy
  2778 | D:3      | Reached XP level 6. HP: 45/45 MP: 6/9
  2854 | D:4      | Found a staircase to the Ecumenical Temple.
  2860 | Temple   | Entered the Ecumenical Temple
  2891 | Temple   | Became a worshipper of Cheibriados the Contemplative
  3235 | D:4      | Noticed Edmund
  3250 | D:4      | Killed Edmund
  3251 | D:4      | Reached skill level 1 in Fighting
  3251 | D:4      | Gained mutation: You regenerate magic and health when
                  | rolling toward enemies. (Rampage Regen) [Armataur growth]
  3251 | D:4      | Reached XP level 7. HP: 48/52 MP: 1/10
  3252 | D:4      | Noticed Eustachio
  3266 | D:4      | Killed Eustachio
  3654 | D:4      | Found a shimmering blue altar of Sif Muna.
  3767 | D:5      | Entered Level 5 of the Dungeon
  3830 | D:5      | Reached * piety under Cheibriados
  3879 | D:5      | Learned a level 2 spell: Momentum Strike
  4179 | D:5      | Identified a scroll of acquirement
  4179 | D:5      | Acquired 405 gold pieces
  4525 | D:5      | Learned a level 2 spell: Blink
  4574 | D:5      | Identified the +1 cloak "Isewun" {Str+3}
  4735 | D:6      | Identified the +5 hand axe of Jeneinew {venom, *Slow rElec
                  | rF- rC+++}
  4750 | D:6      | Reached skill level 1 in Translocations
  4750 | D:6      | Reached XP level 8. HP: 52/62 MP: 2/12
  4939 | D:6      | Noticed Dowan
  4941 | D:6      | Noticed Duvessa
  4947 | D:6      | Killed Dowan
  4953 | D:6      | Killed Duvessa
  5042 | D:6      | Reached ** piety under Cheibriados
  5044 | D:6      | Reached skill level 5 in Stealth
  5658 | D:6      | Found a runed translucent door.
  5659 | D:6      | Noticed Crazy Yiuf
  6087 | D:6      | Killed Crazy Yiuf
  6189 | D:7      | Noticed a troll
  6191 | D:7      | Reached skill level 5 in Spellcasting
  6191 | D:7      | Reached XP level 9. HP: 48/70 MP: 11/16
  6226 | D:6      | Learned a level 4 spell: Sticky Flame
  6410 | D:7      | Killed a troll
  6725 | D:7      | Reached skill level 5 in Shields
  6966 | D:8      | Reached *** piety under Cheibriados
  7146 | D:8      | Found a large runed translucent door.
  7147 | D:8      | Found a large runed translucent door.
  7148 | D:8      | Noticed gebbletook2's ghost (novice OpSh)
  7356 | D:8      | Reached skill level 5 in Fighting
  7357 | D:8      | Reached XP level 10. HP: 81/81 MP: 14/17
  7391 | D:8      | Found a radiant altar of Vehumet.
  7988 | D:9      | Noticed Erolcha
  8012 | D:9      | Killed Erolcha
  8184 | D:9      | Noticed a two-headed ogre
  8191 | D:9      | Killed a two-headed ogre
  8214 | D:9      | Reached skill level 5 in Dodging
  8569 | D:9      | Reached **** piety under Cheibriados
  8623 | D:9      | Reached skill level 1 in Invocations
  8625 | D:9      | Reached skill level 2 in Invocations
  8900 | D:10     | Entered Level 10 of the Dungeon
  8906 | D:10     | Reached skill level 3 in Invocations
  8911 | D:10     | Reached skill level 4 in Invocations
  8911 | D:10     | Reached XP level 11. HP: 89/91 MP: 10/18
  9149 | D:10     | Reached skill level 5 in Invocations
  9182 | D:10     | Identified the +1 helmet of the Blue Moon {rF+ Will+}
  9409 | D:10     | Reached ***** piety under Cheibriados
  9536 | D:10     | Found a staircase to the Orcish Mines.
  9812 | D:10     | Reached skill level 6 in Invocations
  9861 | D:10     | Identified the +5 mace of Zin, Leaping {antimagic, Int+3}
 10528 | D:11     | Noticed a purple ugly thing
 10539 | D:11     | Killed a purple ugly thing
 10540 | D:11     | Reached skill level 7 in Invocations
 10763 | D:11     | Reached skill level 8 in Invocations
 10959 | D:11     | Noticed a two-headed ogre
 10964 | D:11     | Killed a two-headed ogre
 10993 | D:11     | Found Ofoeci's Jewellery Emporium.
 11002 | D:11     | Bought the ring of Reimbursement {rF+ rC+ Str+2 SInv} for
                  | 568 gold pieces
 11002 | D:11     | Bought the ring "Xovibu" {MP-9 Int+7 SInv Stlth+} for 247
                  | gold pieces
 11142 | D:11     | Noticed a boulder beetle
 11151 | D:11     | Killed a boulder beetle
 11152 | D:11     | Reached skill level 9 in Invocations
 11338 | D:11     | Found a staircase to the Lair.
 11592 | Lair:1   | Entered Level 1 of the Lair of Beasts
 11607 | Lair:1   | Reached skill level 10 in Invocations
 11827 | Lair:1   | Noticed Jeremiah
 11836 | Lair:1   | Killed Jeremiah
 12317 | Lair:1   | Found a blossoming altar of Fedhas.
 12343 | Lair:1   | Noticed an oklob plant
 12578 | Lair:1   | Reached skill level 11 in Invocations
 12578 | Lair:1   | Reached XP level 12. HP: 72/97 MP: 20/20
 12648 | Lair:1   | Identified the +2 robe of Fussamow {Int-4 Dex+6}
 13237 | Lair:2   | Noticed a five-headed hydra
 13246 | Lair:2   | Killed a five-headed hydra
 13316 | Lair:2   | Identified the +9 ring mail of Dishonour {Harm rF- rC++
                  | SInv}
 13330 | Lair:2   | Identified the serpent talisman of Gravitas {Str+4 Int+5}
 13357 | Lair:2   | Noticed Fannar
 13370 | Lair:2   | Killed Fannar
 13371 | Lair:2   | Reached skill level 1 in Staves
 13371 | Lair:2   | Reached skill level 12 in Invocations
 13999 | Lair:2   | Reached skill level 5 in Staves
 14331 | Lair:2   | Identified the +2 hat of Complete Protection {rElec rC+
                  | MP+9 Int-2}
 14443 | Lair:3   | Found a staircase to the Snake Pit.
 14649 | Lair:3   | Found a staircase to the Shoals.
 14920 | Lair:3   | Reached ****** piety under Cheibriados
 15015 | Lair:3   | Identified the +5 scale mail of the Realm of Zot {rF+ rCorr
                  | SInv}
 15687 | Lair:3   | Noticed an ice dragon
 15695 | Lair:3   | Killed an ice dragon
 16251 | Snake:1  | Entered Level 1 of the Snake Pit
 16292 | Lair:4   | Noticed an eight-headed hydra
 16296 | Lair:4   | Killed an eight-headed hydra
 16406 | Lair:4   | Reached XP level 13. HP: 103/104 MP: 17/22
 16565 | Lair:4   | Noticed Snorg
 16575 | Lair:4   | HP: 1/104 [rime drake (5)]
 16575 | Lair:4   | Mangled by Snorg

Illustrated notes

Levels and vault maps discovered:
D:1:      nzn_arrival_depleted_hourglass, layout_basic, serial_bayou,
          serial_bayou_shore_b, serial_bayou_crossing, serial_bayou_pond_e,
          serial_shops, shop, nicolae_shop_bloodbath_and_beyond,
          hangedman_decor_peaks_small
D:2:      layout_basic, minmay_tromino_i4
D:3:      layout_loops_ring, uniq_sigmund
D:4:      layout_basic, kennysheep_orc_sif_temple, minmay_temple_entry_wispy,
          uniq_edmund, uniq_eustachio
D:5:      layout_basic, kennysheep_generic_room_3
D:6:      layout_basic, uniq_crazy_yiuf_cottage, uniq_duvessa
D:7:      layout_rooms
D:8:      layout_basic, vehumet_crystals, ebering_ghost_disaster_area,
          minivault_10
D:9:      layout_basic, uniq_erolcha
D:10:     layout_stronghold, orc_0_dummy, chequers_serial_rivers_micro_e,
          chequers_serial_rivers_large_b, nicolae_zig_zag_zippers
D:11:     layout_loops_ring, lair_entry_dummy, serial_shops, shop
Temple:   mainiacjoe_temple_cubbyholes
Lair:1:   layout_cave_pods, tgw_fedhas, uniq_jeremiah
Lair:2:   layout_roguey, minmay_lindwurm_lava, uniq_fannar
Lair:3:   dragon1_lemuel, layout_regular_city, nicolae_shoals_entry_roost,
          alex1729_snake_entry_snake, pdpol_lair_cavern_descent,
          infiniplex_staircase_pool_2, lemuel_fruit_fields
Lair:4:   layout_small_grid, slime_entry_2, grunt_megastairs_1,
          serial_bayou_shore_b, uniq_snorg
Snake:1:  kennysheep_six_static_rooms, layout_onion, gammafunk_ghost_grave,
          basic_altar, uniq_aizul, uniq_kirke, uniq_frances, uniq_agnes,
          uniq_roxanne, uniq_nikola

Skill      XL: |  1  2  3  4  5  6  7  8  9 10 11 12 13 |
---------------+----------------------------------------+-----
Spellcasting   | 2 3 5 |  5.0
Alchemy        | 3 4 5 6 |  6.0
Shields        | 1 2 3 4 5 |  5.0
Conjurations   | 1 2 |  2.0
Air Magic      | 1 2 |  2.0
Fighting       | 1 2 3 5 6 |  6.6
Stealth        | 3 4 5 7 9 |  9.0
Translocations | 1 2 |  2.0
Dodging        | 2 3 5 |  5.2
Fire Magic     | 3 |  3.0
Invocations    | 4 11 12 | 12.0
Staves         | 8 9 |  9.1

Action                     |  1- 3 |  4- 6 |  7- 9 | 10-12 | 13-15 || total
---------------------------+-------+-------+-------+-------+-------++-------
  Melee: Hand axe          |     4 |       |       |       |       ||     4
         Tailslap          |     2 |     6 |    20 |    55 |     3 ||    86
         Trident           |    12 |       |       |       |       ||    12
         Battleaxe         |    13 |    59 |   126 |   159 |       ||   357
         Flail             |       |       |       |    70 |    13 ||    83
         Staff             |       |       |       |     5 |       ||     5
         Punch             |       |       |       |     1 |       ||     1
   Cast: Sting             |    50 |    30 |       |     2 |       ||    82
         Olgreb's Toxic Ra |       |     5 |    31 |    80 |     6 ||   122
         Mephitic Cloud    |       |     3 |     2 |     7 |       ||    12
         Sticky Flame      |       |       |     5 |    31 |     5 ||    41
         Momentum Strike   |       |       |     1 |     1 |       ||     2
 Invoke: Slouch            |       |       |       |     2 |       ||     2
  Evoke: Wand              |       |     6 |       |     4 |       ||    10
    Use: Scroll            |     5 |     4 |    10 |     9 |       ||    28
         Potion            |       |     1 |     1 |     2 |     2 ||     6
   Stab: Sleeping          |       |     1 |     8 |    10 |       ||    19
         Confused          |       |       |       |     3 |       ||     3
 Armour: Robe              |    23 |    38 |   128 |   281 |    48 ||   518
         Skin              |       |       |     2 |       |       ||     2
  Dodge: Dodged            |    19 |    13 |    95 |   251 |    34 ||   412
  Block: Buckler           |     3 |       |       |    60 |    16 ||    79

Table legend: (Time is in decaauts)
 A = Elapsed time spent in this place.
 B = Non-inter-level travel time spent in this place.
 C = Inter-level travel time spent in this place.
 D = Time resting spent in this place.
 E = Time spent auto-exploring this place.
 F = Levels seen in this place.
 G = Mean time per level.
                   A        B        C        D        E       F      G
               +--------+--------+--------+--------+--------+-----+--------+
         Total |  22244 |  21458 |    786 |   1075 |  17588 |  17 | 1308.5 |
       Dungeon |  14886 |  14283 |    603 |    732 |  11811 |  11 | 1353.3 |
        Temple |     54 |     14 |     40 |      0 |     11 |   1 |   54.0 |
          Lair |   7301 |   7159 |    142 |    342 |   5765 |   4 | 1825.2 |
     Snake Pit |      1 |      1 |      0 |      0 |      0 |   1 |    1.0 |
               +--------+--------+--------+--------+--------+-----+--------+

Top non-repeatable levels by time:
  Lair:3: 2964 daAuts
    D:10: 2251 daAuts
  Lair:1: 2198 daAuts
     D:6: 2019 daAuts
  Lair:2: 1857 daAuts
    D:11: 1852 daAuts
     D:8: 1511 daAuts
     D:9: 1252 daAuts
     D:5: 1238 daAuts
     D:4: 1105 daAuts
     D:2: 954 daAuts
     D:1: 935 daAuts
     D:3: 907 daAuts
     D:7: 857 daAuts
  Lair:4: 282 daAuts
